 Dungeon Crawl Stone Soup version 0.29.1-2-gbd0b4ee654 (webtiles) character file.

Game seed: 561758447954411390

75 writerjack the Trooper (level 4, 0/41 HPs)
             Began as a Minotaur Berserker on Oct 27, 2022.
             Was a Follower of Trog.
             Killed from afar by an orc wizard (5 damage)
             ... with a magic dart
             ... on level 3 of the Dungeon.
             The game lasted 00:03:36 (2536 turns).

writerjack the Trooper (Minotaur Berserker)         Turns: 2536, Time: 00:03:36

Health: 0/41       AC:  6    Str: 24    XL:     4   Next: 11%
Magic:  3/3        EV: 11    Int:  4    God:    Trog [*.....]
Gold:   110        SH:  0    Dex: 11    Spells: 3/3 levels left

rFire   . . .      SeeInvis .   a - +0 hand axe
rCold   . . .      Faith    .   (no shield)
rNeg    . . .      Spirit   .   p - +0 scale mail
rPois   .          Reflect  .   (helmet restricted)
rElec   .          Harm     .   (no cloak)
rCorr   .          Rampage  .   (no gloves)
Will    .....                   (no boots)
Stlth   ..........              (no amulet)
HPRegen 0.00/turn               (no ring)
MPRegen 0.08/turn               (no ring)

@: confused, inhibited regen
A: horns 2, retaliatory headbutt, thin skeletal structure 1, inhibited
regeneration
a: Renounce Religion, Berserk


You were on level 3 of the Dungeon.
You worshipped Trog.
Trog was aware of your devotion.
You visited 1 branch of the dungeon, and saw 4 of its levels.

You collected 110 gold pieces.

Inventory:

Hand Weapons
 a - a +0 hand axe (weapon)
Armour
 b - a +0 animal skin
 p - a +0 scale mail (worn)
Scrolls
 c - a scroll of noise {unknown}
 d - a scroll of summoning {unknown}
 e - a scroll of magic mapping {unknown}
 f - 2 scrolls of blinking {unknown}
 i - 3 scrolls of identify {unknown}
 l - a scroll of torment {unknown}
 m - a scroll of amnesia {unknown}
 q - a scroll of enchant armour {unknown}
 r - a scroll of brand weapon {unknown}
Potions
 g - a potion of curing {unknown}
 h - a potion of brilliance {unknown}
 j - a potion of mutation
 k - a potion of ambrosia {unknown}
 n - a potion of invisibility {unknown}
 o - a potion of lignification {unknown}


   Skills:
 + Level 4.3 Fighting
 + Level 4.3 Axes
 + Level 3.3 Armour
 + Level 3.1 Dodging


You had 3 spell levels left.
You didn't know any spells.
Your spell library was empty.

Dungeon Overview and Level Annotations

Branches:
Dungeon (4/15)
 Temple: D:4-7

Altars:


Innate Abilities, Weirdness & Mutations

You have a pair of horns on your head.
You reflexively headbutt those who attack you in melee.
You have a somewhat thin skeletal structure. (Dex +2, Stealth+)
You do not regenerate when monsters are visible.


Message History

You are more confused.
The orc barely misses you.
You closely miss the orc wizard. You headbutt the orc wizard!
The orc wizard is severely wounded.
The orc wizard casts a spell at you. The magic dart hits you!
The orc barely misses you.
The orc wizard attacks as you move away!
The orc wizard hits you with a +1 dagger of protection.
Things that are here:
a +0 dagger; a goblin corpse You bump into the rock wall.
The orc wizard points at you and mumbles some strange words.
The puff of flame misses you. The orc hits you but does no damage.
You're too confused to move!
The orc wizard casts a spell at you. The puff of flame misses you.
The orc barely misses you.
You miss the orc wizard. You headbutt the orc wizard.
The orc wizard is almost dead.
The orc wizard hits you with a +1 dagger of protection.
The orc hits you from afar with a +0 trident.
The orc hits you but does no damage.
The orc wizard hits you but does no damage.
You barely miss the orc wizard.
The orc wizard is almost dead.
The orc wizard closely misses you. The orc barely misses you.
You closely miss the orc wizard.
The orc wizard is almost dead.
The orc wizard hits you with a +1 dagger of protection.
The orc hits you from afar with a +0 trident.
* * * LOW HITPOINT WARNING * * *
The orc wizard points at you and mumbles some strange words.
The magic dart hits you.
* * * LOW HITPOINT WARNING * * *
The orc wizard points at you and mumbles some strange words.
You are more confused.
It was a potion of mutation.
You feel extremely strange.
Your regeneration stops near monsters.
Your bones become slightly less dense.
The orc wizard points at you and mumbles some strange words.
The magic dart hits you.
You die...

........#.#
.######.)# #o## #o#
#)# ######o#
#....o.# ...
#......##### ...
#..@......... ...
#........#... .#..
#..####### #
.##.###.## #.
#.##..#..# #. ..
##...## ## #.. .#
#.....# ..#
##.###.##..###.##..#
.......##.# #....#


You could see an orc wizard and an orc.

Vanquished Creatures
  3 adders
  A worm (D:2)
  An orc (D:3)
  6 ball pythons
  4 bats
  4 endoplasms
  4 giant cockroaches
  2 goblins
  5 hobgoblins (D:1)
  2 kobolds (D:1)
  2 quokkas (D:1)
  2 frilled lizards
  3 rats
39 creatures vanquished.

Vanquished Creatures (others)
  A plant (D:2)
  3 withered plants (D:3)
4 creatures vanquished.

Grand Total: 43 creatures vanquished

Notes
Turn   | Place    | Note
-------+----------+-------------------------------------------
     0 | D:1      | writerjack the Minotaur Berserker began the quest for the
                  | Orb.
     0 | D:1      | Reached XP level 1. HP: 19/19 MP: 0/0
   281 | D:1      | Reached XP level 2. HP: 20/27 MP: 1/1
  1037 | D:2      | Reached XP level 3. HP: 26/33 MP: 2/2
  1646 | D:2      | Found a faded altar of an unknown god.
  2374 | D:4      | Noticed a scorpion
  2432 | D:4      | Noticed a phantom
  2455 | D:3      | Reached XP level 4. HP: 41/41 MP: 3/3
  2486 | D:4      | Noticed a necrophage
  2534 | D:3      | Gained mutation: You do not regenerate when monsters are
                  | visible. [potion of mutation]
  2534 | D:3      | Gained mutation: You have a somewhat thin skeletal
                  | structure. (Dex +2, Stealth+) [potion of mutation]
  2536 | D:3      | Killed from afar by an orc wizard

Illustrated notes

Levels and vault maps discovered:
D:1:      reono_arrival_mine, layout_rooms
D:2:      layout_basic, shapermc_ecumenical_altar_mp_urbaneastern,
          minmay_pentomino_t4
D:3:      layout_rooms, kiku_gazebo_garden_becter, serial_shops,
          nicolae_square_shop, minmay_misc_feat_room, guppyfry_early_orc_mine
D:4:      layout_loops_ring, nicolae_sif_muna_little_library,
          nicolae_ru_great_annihilating_truth, mainiacjoe_overflow_24_doors,
          jmf_multi_god_temple

Skill      XL: |  1  2  3 |
---------------+----------+-----
Fighting       | 4 |  4.3
Axes           | 4 |  4.3
Armour         | 3 |  3.3
Dodging        | 3 |  3.1

Action                   |  1- 3 |  4- 6 || total
-------------------------+-------+-------++-------
Melee: Hand axe          |    83 |     9 ||    92
       Headbutt          |    15 |     3 ||    18
       Punch             |     2 |       ||     2
  Use: Potion            |       |     1 ||     1
 Stab: Sleeping          |     1 |       ||     1
Armor: Animal skin       |    10 |       ||    10
       Scale mail        |     9 |     6 ||    15
Dodge: Dodged            |    59 |    19 ||    78
